Cogmind - Beta 10.2 @@@ ROGUE MODE // 2021.08.13 @ 01:02:23 Player: Ripper Result: Self-destructed Performance ------------- Evolutions (2) 1000 Regions Visited (5) 1000 Robots Destroyed (5) 25 Value Destroyed (253) 253 Prototype IDs (0) 0 Alien Tech Used (0) 0 Bonus (470) 470 TOTAL SCORE: 2748 Bonus ------- Pacifist 470 Cogmind --------- Core Integrity 9/550 Matter 300/300 Energy 100/100 System Corruption 0% Temperature Cool (9) Movement Core (100) Ox1 Location -8/Materials Parts ------- > --- POWER (2) -------- (None) > --- PROPULSION (4) --- (None) > --- UTILITY (2) ------ Terrain Scan Processor > --- WEAPON (3) ------- Great Maul > --- INVENTORY (4) ---- Heat Sink Improved Sensor Array Peak State ------------ > --- POWER ------------ Light Deuterium Engine Nuclear Core > --- PROPULSION ------- Improved Aluminum Leg Improved Aluminum Leg Improved Aluminum Leg Improved Aluminum Leg > --- UTILITY ---------- Terrain Scan Processor Reclamation Unit > --- WEAPON ----------- Particle Cannon Assault Rifle Grenade Launcher > --- INVENTORY -------- Light Ion Engine Improved Aluminum Leg Great Maul [Rating: 22] Favorites ----------- Power Nuclear Core Engine Light Deuterium Engine Power Core Nuclear Core Propulsion Light Treads Treads Light Treads Leg Improved Aluminum Leg Utility Terrain Scan Processor Device Reclamation Unit Processor Terrain Scan Processor Weapon Assault Rifle Energy Gun Medium Laser Energy Cannon Particle Cannon Ballistic Gun Assault Rifle Launcher Grenade Launcher Impact Weapon Great Maul Build | -11 -10 -10 -9 -9 -8 ------- Run | Scr Mat Min Mat Min Mat Slots Evolved 4 | . . . 2 . 2 Power 1 | . . . 1 . . Propulsion 2 | . . . 1 . 1 Utility . | . . . . . . Weapon 1 | . . . . . 1 Parts Attached 22 | 5 4 1 1 . 11 Power 6 | 1 1 1 1 . 2 Engine 5 | 1 1 . 1 . 2 Core 1 | . . 1 . . . Reactor . | . . . . . . Propulsion 8 | 2 . . . . 6 Treads 2 | 2 . . . . . Leg 6 | . . . . . 6 Wheel . | . . . . . . Hover . | . . . . . . Flight . | . . . . . . Utility 2 | . 2 . . . . Device 1 | . 1 . . . . Storage . | . . . . . . Processor 1 | . 1 . . . . Hackware . | . . . . . . Protection . | . . . . . . Artifact . | . . . . . . Weapon 6 | 2 1 . . . 3 Energy Gun 1 | 1 . . . . . Energy Cannon 1 | . 1 . . . . Ballistic Gun 2 | 1 . . . . 1 Ballistic Cannon . | . . . . . . Launcher 1 | . . . . . 1 Special Weapon . | . . . . . . Impact Weapon 1 | . . . . . 1 Slashing Weapon . | . . . . . . Piercing Weapon . | . . . . . . Special Melee Weapon . | . . . . . . Unidentified Prototypes . | . . . . . . Parts Lost 14 | . . . . . 14 Power 4 | . . . . . 4 Propulsion 5 | . . . . . 5 Utility 1 | . . . . . 1 Weapon 4 | . . . . . 4 Highest Loss Streak 7 | . . . . . 7 Average Slot Usage (%) 89 | . 89 100 88 88 74 Engine 8 | . 14 5 11 11 7 Core 6 | . . 8 11 11 6 Treads 20 | . 28 28 22 22 3 Leg 6 | . . . . . 22 Device 10 | . 9 14 11 11 8 Processor 11 | . 9 14 11 11 9 Energy Gun 1 | . 5 . . . . Energy Cannon 10 | . 8 14 11 11 5 Ballistic Gun 11 | . 14 14 11 11 6 Naked Turns . | . . . . . . Heaviest Build 22 | 7 14 14 19 19 22 Greatest Support 52 | 40 40 40 40 40 52 Greatest Overweight (x) 1 | . . . . . 1 Average Overweight (x) . | . . . . . . Largest Inventory Capacity 4 | 4 4 4 4 4 4 Average Capacity 4 | 4 4 4 4 4 4 Most Carried 4 | 4 4 4 3 3 4 Average Carried 3 | 1 2 3 3 3 2 Final Capacity 4 | 4 4 4 4 4 4 Final Carried 4 | 1 3 4 3 3 2 Class Distribution -------------------- 97% | Mutant Dominant Class ---------------- Mutant | -10/Materials Mutant | -10/Mines Mutant | -9/Materials Mutant | -9/Mines Mutant | -8/Materials Resources | -11 -10 -10 -9 -9 -8 ----------- Run | Scr Mat Min Mat Min Mat Matter Collected 420 | 245 . 70 13 . 92 Remotely . | . . . . . . Salvage Created 209 | . . . . . 209 Parts 7 | . . . . . 7 Haulers Intercepted . | . . . . . . Recyclers Shooed 1 | . . . . . 1 Parts Field Recycled . | . . . . . . Retrieved Matter . | . . . . . . Parts Self-Destructed . | . . . . . . Prevented . | . . . . . . Kills | -11 -10 -10 -9 -9 -8 ------- Run | Scr Mat Min Mat Min Mat Combat Hostiles Destroyed 5 | . . . . . 5 Melee 1 | . . . . . 1 Guns 1 | . . . . . 1 AOE 1 | . . . . . 1 Classes Destroyed 3 | . . . . . 3 Grunt 3 | . . . . . 3 Duelist 1 | . . . . . 1 Sentry 1 | . . . . . 1 Best Kill Streak 3 | . . . . . 3 Combat Bots Only 3 | . . . . . 3 Max Kills in Single Turn 1 | . . . . . 1 Gunslinging . | . . . . . . Exploded 1 | . . . . . 1 Melee 1 | . . . . . 1 Uniques/NPCs Destroyed . | . . . . . . Combat | -11 -10 -10 -9 -9 -8 -------- Run | Scr Mat Min Mat Min Mat Damage Taken 1821 | . . . 32 . 1789 Core 558 | . . . 17 . 541 Absorbed by Shields . | . . . . . . Core Remaining (%) 98 | 100 . 100 . 95 . Volleys Fired 11 | . . . 1 . 10 Largest 3 | . . . 2 . 3 Hottest 118 | . . . 88 . 118 Shots Fired 19 | . . . 2 . 17 Gun 11 | . . . 1 . 10 Cannon 3 | . . . 1 . 2 Launcher 5 | . . . . . 5 Special . | . . . . . . Kinetic 11 | . . . 1 . 10 Thermal 3 | . . . 1 . 2 Explosive 5 | . . . . . 5 Electromagnetic . | . . . . . . Robot Hit Streak 8 | . . . 2 . 8 Robot Miss Streak 3 | . . . . . 3 Penetration Max . | . . . . . . Secondary Targets . | . . . . . . Shots Hit Robots 27 | . . . 2 . 25 Core Hits 11 | . . . 1 . 10 Critical Hits . | . . . . . . Critical Kills . | . . . . . . Critical Parts Destroyed . | . . . . . . Melee Attacks 16 | . . . . . 16 Impact 16 | . . . . . 16 Slashing . | . . . . . . Piercing . | . . . . . . Sneak Attacks 1 | . . . . . 1 Combat Hostiles . | . . . . . . Follow-up Attacks . | . . . . . . Damage Inflicted 766 | . . . 32 . 734 Guns 130 | . . . 11 . 119 Cannons 63 | . . . 21 . 42 Explosions 214 | . . . . . 214 Melee 354 | . . . . . 354 Ramming 5 | . . . . . 5 Kinetic 130 | . . . 11 . 119 Thermal 63 | . . . 21 . 42 Explosive 214 | . . . . . 214 Electromagnetic . | . . . . . . Impact 354 | . . . . . 354 Slashing . | . . . . . . Piercing . | . . . . . . Highest Corruption 3 | . 3 3 . . . Average Corruption 2 | . 1 3 . . . Corruption Purged . | . . . . . . Effects 8 | . . 8 . . . Message Errors 3 | . . 3 . . . Matter Fused 2 | . . 2 . . . Heat Flow Errors 2 | . . 2 . . . Energy Discharges 1 | . . 1 . . . Overload Shots . | . . . . . . Overflow Damage 50 | . . . . . 50 Projectiles . | . . . . . . Explosions . | . . . . . . Melee 50 | . . . . . 50 Knockbacks 2 | . . . . . 2 Impact 1 | . . . . . 1 Kinetic . | . . . . . . Secondary 1 | . . . . . 1 Self-Inflicted Damage 18 | . . . . . 18 Shots 1 | . . . . . 1 Rammed 1 | . . . . . 1 Targets Rammed 1 | . . . . . 1 Kicked . | . . . . . . Crushed . | . . . . . . Highest Temperature 216 | . . 216 42 . 184 Average Temperature 77 | . . 90 21 . 80 Received Heat Transfer 810 | . . . 9 . 801 Siege Activations . | . . . . . . Robots Corrupted . | . . . . . . Combat Hostiles . | . . . . . . Parts Fried . | . . . . . . Impact Corruptions 4 | . . . . . 4 Robots Melted . | . . . . . . Combat Hostiles . | . . . . . . Parts Melted . | . . . . . . Heat Transferred 111 | . . . 37 . 74 Parts Sabotaged . | . . . . . . Parts Stolen . | . . . . . . Parts Stripped . | . . . . . . Power Chain Reactions . | . . . . . . Missiles Intercepted . | . . . . . . Alert | -11 -10 -10 -9 -9 -8 ------- Run | Scr Mat Min Mat Min Mat Peak Influence 106 | . 24 39 15 5 106 Initial 9 | . . 9 . 5 1 Average 21 | . 12 26 2 5 31 Maximum Alert Level . | . . . . . . Low Security (%) 100 | 100 100 100 100 100 100 Level 1 . | . . . . . . Level 2 . | . . . . . . Level 3 . | . . . . . . Level 4 . | . . . . . . Level 5 . | . . . . . . High Security . | . . . . . . Max Security . | . . . . . . Squads Dispatched 3 | . . 1 . . 2 Investigation 2 | . . 1 . . 1 Extermination . | . . . . . . Reinforcement 1 | . . . . . 1 Assault . | . . . . . . Garrison . | . . . . . . Intercept . | . . . . . . Construction Impeded 1 | . . . . . 1 Haulers Reinforced . | . . . . . . Stealth | -11 -10 -10 -9 -9 -8 --------- Run | Scr Mat Min Mat Min Mat Distress Signals 1 | . . . . . 1 Communications Jammed . | . . . . . . Distress Signals . | . . . . . . Times Spotted 15 | . . 2 2 . 11 Peak Tracking Total 6 | . . 2 1 . 6 Tactical Retreats 1 | . . 1 . . . Traps | -11 -10 -10 -9 -9 -8 ------- Run | Scr Mat Min Mat Min Mat Traps Triggered 3 | . 2 . . . 1 Indirectly . | . . . . . . Trap Hack Attempts . | . . . . . . Triggered . | . . . . . . Disarmed . | . . . . . . Reprogrammed . | . . . . . . Reused . | . . . . . . Traps Extracted . | . . . . . . Installed . | . . . . . . Triggered 1 | . . 1 . . . Machines | -11 -10 -10 -9 -9 -8 ---------- Run | Scr Mat Min Mat Min Mat Machines Disabled 2 | . . . . . 2 Max in Single Turn 1 | . . . . . 1 Machines Sabotaged . | . . . . . . Garrisons Compromised . | . . . . . . Overloaded Fab Kills . | . . . . . . Fab Network Shutdowns . | . . . . . . Hacking | -11 -10 -10 -9 -9 -8 --------- Run | Scr Mat Min Mat Min Mat Machines Accessed 6 | . 4 1 . . 1 Terminals 5 | . 4 . . . 1 Fabricators . | . . . . . . Repair Stations . | . . . . . . Recycling Units . | . . . . . . Scanalyzers . | . . . . . . Garrison Access . | . . . . . . Total Hacks 6 | . 4 1 . . 1 Successful 4 | . 3 1 . . . Failed 2 | . 1 . . . 1 Catastrophic . | . . . . . . Database Lockouts . | . . . . . . Manual . | . . . . . . Terminals 5 | . 4 . . . 1 Fabricators . | . . . . . . Repair Stations . | . . . . . . Recycling Units . | . . . . . . Scanalyzers . | . . . . . . Garrison Access . | . . . . . . Terminal Hacks 4 | . 3 1 . . . Open Door 1 | . . 1 . . . Zone Layout 3 | . 3 . . . . Fabricator Hacks . | . . . . . . Repair Station Hacks . | . . . . . . Recycling Unit Hacks . | . . . . . . Scanalyzer . | . . . . . . Garrison Access Hacks . | . . . . . . Unauthorized Hacks . | . . . . . . Terminals . | . . . . . . Fabricators . | . . . . . . Repair Stations . | . . . . . . Recycling Units . | . . . . . . Scanalyzers . | . . . . . . Garrison Access . | . . . . . . Data Cores Recovered . | . . . . . . Used . | . . . . . . Hacking Detections 3 | . 3 . . . . Full Trace Events . | . . . . . . Feedback Events . | . . . . . . Feedback Blocked . | . . . . . . Robot Schematics Acquired . | . . . . . . Robots Built . | . . . . . . Matter . | . . . . . . Time . | . . . . . . Total Robot Build Rating . | . . . . . . Part Schematics Acquired . | . . . . . . Parts Built . | . . . . . . Matter . | . . . . . . Time . | . . . . . . Total Part Build Rating . | . . . . . . Parts Repaired . | . . . . . . Time . | . . . . . . Parts Recycled . | . . . . . . Recycled Matter . | . . . . . . Retrieved Matter . | . . . . . . Retrieved Components . | . . . . . . Parts Scanalyzed . | . . . . . . Part Schematics Acquired . | . . . . . . Parts Damaged . | . . . . . . Bothacking | -11 -10 -10 -9 -9 -8 ------------ Run | Scr Mat Min Mat Min Mat Used RIF Installer . | . . . . . . Robots Hacked . | . . . . . . Non-combat . | . . . . . . Combat . | . . . . . . Robot Hacks Applied . | . . . . . . Relay Couplers Released . | . . . . . . Robots Rewired . | . . . . . . Allies Hacked . | . . . . . . Hacks Repelled . | . . . . . . Allies | -11 -10 -10 -9 -9 -8 -------- Run | Scr Mat Min Mat Min Mat Total Allies 2 | . . 2 . . . Largest Group 2 | . . 2 2 1 . Highest-Rated Group 51 | . . 51 51 20 . Highest-Rated Ally 31 | . . 31 31 20 . Total Orders . | . . . . . . Ally Attacks 4 | . . . 4 . . Total Damage 61 | . . . 61 . . Kills . | . . . . . . Allies Corrupted . | . . . . . . Allies Melted . | . . . . . . Intel | -11 -10 -10 -9 -9 -8 ------- Run | Scr Mat Min Mat Min Mat Robot Analysis Total . | . . . . . . Derelict Logs Recovered 1 | . . 1 . . . Drone Launches . | . . . . . . Drone Recoveries . | . . . . . . Exploration | -11 -10 -10 -9 -9 -8 ------------- Run | Scr Mat Min Mat Min Mat Turns Passed 1371 | 52 280 496 152 23 368 Spaces Moved 829 | 40 169 302 93 15 210 Core 20 | 20 . . . . . Treads 643 | 20 169 302 93 15 44 Legs 166 | . . . . . 166 Wheels . | . . . . . . Hover . | . . . . . . Flight . | . . . . . . Fastest Speed 50 | 50 160 160 160 160 120 Average Speed 149 | 105 160 160 160 160 128 Slowest Speed 160 | 160 160 160 160 160 160 Overloaded Moves . | . . . . . . Propulsion Burnouts . | . . . . . . Robots Hopped . | . . . . . . Cave-ins Triggered . | . . . . . . Exploration Rate (%) 26 | 5 31 77 12 13 18 Regions Visited 5 Branch Regions 2 Pre-discovered Areas 1 | . . 1 . . . Known Exits Taken . | . . . . . . Unknown Exits Taken 5 | 1 1 1 1 1 . Scrap Searched 1 | . . 1 . . . Spaces Dug . | . . . . . . Terrain Destroyed 13 | . . . . . 13 Melee . | . . . . . . Projectile . | . . . . . . AOE 13 | . . . . . 13 Terrain Rammed . | . . . . . . Walls Destroyed . | . . . . . . Machines Disabled . | . . . . . . Actions | -11 -10 -10 -9 -9 -8 --------- Run | Scr Mat Min Mat Min Mat Total 913 | 50 179 316 94 14 260 Wait 10 | . 1 9 . . . Move 824 | 39 168 301 92 14 210 Hop . | . . . . . . Pick Up 23 | 6 4 3 . . 10 Fast Attach 1 | . 1 . . . . Attach 20 | 5 2 1 1 . 11 Detach 1 | . 1 . . . . Swap 1 | . 1 . . . . Drop 5 | . 1 2 . . 2 Fire 11 | . . . 1 . 10 Melee 16 | . . . . . 16 Ram . | . . . . . . Kick 1 | . . . . . 1 Crush . | . . . . . . Escape Stasis . | . . . . . . Rewire . | . . . . . . Trap . | . . . . . . Miscellaneous . | . . . . . . Route ------- -11/Scrapyard -10/Materials (discovered 3 exits: [Mat x2] / *Min) -10/Mines -9/Materials -9/Mines -8/Materials History --------- Turn | Location | Event 9 | -11/Scrapyard | Discovered new exit (range 15) 53 | -11/Scrapyard | Entered Materials 193 | -10/Materials | Discovered new exit (range 8) 255 | -10/Materials | Discovered new exit (range 11) 258 | -10/Materials | Discovered new exit (range 18) 301 | -10/Materials | Build established: Mutant 333 | -10/Materials | Entered Mines 432 | -10/Mines | Learned location of Storage (-8) 506 | -10/Mines | Met a Derelict shopkeep closing up shop 569 | -10/Mines | Learned Materials security intel 602 | -10/Mines | Found a hidden stash of uninstalled traps 790 | -10/Mines | Discovered new exit (range 5) 829 | -10/Mines | Entered Materials 829 | -9/Materials | Accompanied by 2 allies 829 | -9/Materials | Evolved 2 slots: Power x1, Propulsion x1 834 | -9/Materials | Led the pair of lost Derelicts to an unsafe place 957 | -9/Materials | Discovered new exit (range 16) 981 | -9/Materials | Entered Mines 981 | -9/Mines | Accompanied by 1 ally 997 | -9/Mines | Discovered new exit (range 5) 1004 | -9/Mines | Entered Materials 1004 | -8/Materials | Evolved 2 slots: Propulsion x1, Weapon x1 1323 | -8/Materials | Lost 7 parts (2p2n3w) 1358 | -8/Materials | Core integrity fell below 50% 1369 | -8/Materials | Core integrity fell below 20% 1372 | -8/Materials | Self-destructed Last Messages --------------- K-01 Serf collects debris. Imp. Ion Engine destroyed. Reclaimed 10 matter. K-01 Serf collects debris. Reclamation Unit destroyed. Imp. Aluminum Leg destroyed. K-01 Serf collects debris. Hvy. Assault Rifle destroyed. Destroyed Particle Gun. G-47 Trooper system corrupted by crushing effect. K-01 Serf collects debris. Destroyed Aluminum Leg. G-47 Trooper system corrupted by crushing effect. G-47 Trooper system terminally corrupted. K-01 Serf collects debris. Lgt. Ion Engine destroyed. K-01 Serf collects debris. Imp. Aluminum Leg destroyed. K-01 Serf collects debris. [Achievement: Back For More] Map ----- +----------------------------------------------------+ | ??????????????????????????##### # | | ??????????????????????????# # # | | ??????????????????????????# # # | | ??????????????????????????# # # | | ??????????????????????????# + # | | ??????????????????????????# # # | | ???????????#??????????????# # # | | ???????????# ?????????????# ###+#####? | | ???????????# #########+### ?# #????? | | ???????????# ## #????? | | ???????????# ## #????? | | ???????????# ## #????? | | ???????????# #### ## #????? | | ??????? ## ########### #????? | | ?????? # ! []|#?# ###### | | ?????? + [||??# # # | | ?????? %# / ?????# # T # | | ?????????????##### ########### + # | | ??????????###### # ## *# # # | | ??????????# # """ # # # | | ??????????# # """"" # + # | | ??????????# + " """ # # # | | ??????????# # " """ # # # | | ??????????# """ "" %#gk " # # # | | ??????????# """ """ # gk g # ###### | | ###??????# """ """ # @g # # ! # | | ####### """ """ # # # # | | ########## # # | | #### # # | | ! # ===# | | ###/########### #= # | | ????# #??????######## """" # = # | | ????# #?????????????# """" + # | | ##### #?????????????# """" # ] # | | + !!! #?????????????# ###### | | ##### !!! ############### = !!#? | | ????# !!! / #### !!#? | | ????###################### #??# ||#? | | ???????????????????????####+##### ||#? | | ???????????????????????#= # !!#? | | ???????????????????????# "" ### !!#? | | ???????????????????????# T" #??####? | | ???????????????????????# "" #??????? | | ???????????????????????# #??????? | | ???????????????????????# """"" !#??????? | | ???????????????????????# """"" #??????? | | ???????????????????????# """"" #??????? | | ???????????????????????# #??????? | | ???????????????????????##########??????? | | ???????????????????????????????????????? | +----------------------------------------------------+ Best States ------------- Heat Dissipation 31 Energy Generation 23 Energy Capacity 280 Matter Stores 300 Matter Capacity 300 Sight Range 16 Terrain Scan Density 85 Reclamation Efficiency 10 Evasion (%) 50 Recoil Reduction 2 Item Schematics ----------------- None Robot Schematics ------------------ None Fabricated ------------ Nothing Alien Tech Used ----------------- None Achievements -------------- Back For More Challenges ------------ None Game ------ Seed BombChainSlayer Manual? 0 Play Time 00:23:27 Cumulative 15.8 hours Start 2021.08.13 @ 00:40:29 End 2021.08.13 @ 01:02:23 Sessions 1 Manual Loads 0 Difficulty Rogue Special Mode None Game No. 50 Rogue 50 Adventurer 0 Explorer 0 Win Type - Total 0 Types 0/0/0/0/0/0/0/0/0 Lore% 5 Gallery% 23 Achievement% 15 Wizard Run 0 Options --------- ASCII 0 Keyboard 0 Movement Numpad Keybinds 0 Fullscreen 1 Font 16/Terminus Map View 76x50 Tactical HUD 0 Map Filters NONE Filters NONE Steam 1 RUN: a7007cad-41cd-4262-9fb3-48d7665ce2ab